 Dungeon Crawl Stone Soup version 0.20.1-1-g8b1a95d (webtiles) character file.

30 Gremour the Shield-Bearer (level 3, -3/23 HPs)
             Began as a Gargoyle Fighter on Nov 16, 2017.
             Slain by Sigmund
             ... wielding a +0 scythe of protection
              (7 damage)
             ... on level 2 of the Dungeon.
             The game lasted 00:04:29 (730 turns).

Gremour the Shield-Bearer (Gargoyle Fighter)         Turns: 730, Time: 00:04:30

Health: -3/23      AC: 11    Str: 24    XL:     3   Next: 20%
Magic:  3/3        EV:  7    Int:  8    God:
Gold:   33         SH:  9    Dex: 10    Spells: 2/2 levels left

rFire    . . .     SeeInvis .   a - +0 long sword
rCold    . . .     Gourm    .   c - +0 shield
rNeg     + . .     Faith    .   b - +0 scale mail
rPois    ∞         Spirit   .   k - +0 helmet
rElec    +         Reflect  .   (no cloak)
rCorr    .         Harm     .   (no gloves)
MR       .....                  (no boots)
Stlth    ..........             (no amulet)
Regen    0.1/turn               (no ring)
MPRegen  0.1/turn               (no ring)

@: mighty
A: negative energy resistance 1, electricity resistance, unbreathing,
petrification resistance, rot immunity, AC +3
a: no special abilities


You were on level 2 of the Dungeon.
You were not hungry.

You visited 1 branch of the dungeon, and saw 2 of its levels.

You collected 33 gold pieces.

Inventory:

Hand Weapons
 a - a +0 long sword (weapon)
Armour
 b - a +0 scale mail (worn)
 c - a +0 shield (worn)
 k - a +0 helmet (worn)
Jewellery
 j - a cursed amulet of inaccuracy {unknown}
Scrolls
 m - 2 scrolls of identify {unknown}
Potions
 h - a potion of invisibility {unknown}
 i - a potion of magic {unknown}
 l - a potion of berserk rage {unknown}
Comestibles
 f - a bread ration
 g - a chunk of flesh


   Skills:
 - Level 3.4 Fighting
 + Level 2.1 Long Blades
 - Level 3.5 Armour
 - Level 0.1 Dodging
 + Level 4.0 Shields


You had 2 spell levels left.
You didn't know any spells.

Dungeon Overview and Level Annotations

Branches:
Dungeon (2/15)

Altars:

Annotations:
D:2 Sigmund


Innate Abilities, Weirdness & Mutations

You are resistant to torment.
Your stone body is resilient. (AC +3)
You are immune to poison.
You resist negative energy. (rN+)
You are resistant to electric shocks. (rElec)
You can survive without breathing.
You are immune to petrification.
You are immune to rotting.


Message History

You barely miss something. The bat hits you but does no damage.
Something hits you.
Your shield and scale mail prevent you from hitting something.
Something hits you. You block the bat's attack.
You miss something. The bat hits you but does no damage.
You block something's attack.
You slash something! You block the bat's attack. Something hits you!
You closely miss something. You block the bat's attack.
You hear some strange, mumbled words.
A puff of flame appears from out of thin air!
The puff of flame misses you.
You closely miss something. The bat hits you but does no damage.
Something hits you.
* * * LOW HITPOINT WARNING * * *
You miss something. You block the bat's attack.
Something hits you but does no damage. The bat hits you but does no damage.
Okay, then.
You barely miss something. The bat barely misses you.
You block the bat's attack. Something hits you!
You die...

#.# ....#. #.. #...#.
#.# ##..... #.# #......
##.# ##...... ###..#
####.<..... #....#
####....#....[ #.#
#.......#.....
..####@###.###.##......
.......{b...............
#####.#.##....#####.....
#.......#######.....
.....................
...###..#.########.....
.## #.....# ##....
#.....## ##... .......
####


You could see a bat.

Vanquished Creatures
  A worm (D:1)
  A dart slug (D:1)
  A leopard gecko (D:1)
  4 bats
  A giant cockroach (D:2)
  3 hobgoblins
  3 kobolds (D:1)
  2 quokkas (D:2)
  A frilled lizard (D:1)
  3 goblins (D:1)
  2 rats (D:1)
22 creatures vanquished.

Notes
Turn   | Place    | Note
-------+----------+-------------------------------------------
     0 | D:1      | Gremour the Gargoyle Fighter began the quest for the Orb.
     0 | D:1      | Reached XP level 1. HP: 14/14 MP: 1/1
   112 | D:1      | Reached XP level 2. HP: 15/19 MP: 2/2
   549 | D:1      | Reached XP level 3. HP: 23/23 MP: 3/3
   658 | D:2      | Reached skill level 4 in Shields
   707 | D:2      | Noticed Sigmund
   730 | D:2      | Slain by Sigmund

Skill      XL: |  1  2  3 |
---------------+----------+-----
Long Blades    | 2 |  2.1
Shields        | 4 |  4.0
Fighting       | |  3.4
Armour         | |  3.5
Dodging        | |  0.1

Action                   || total
-------------------------++-------
Melee: Long sword        ||    77
  Use: Potion            ||     2
Armor: Scale mail        ||    48
Dodge: Dodged            ||    27
Block: Shield            ||    51
       Rpst.: Long sword ||    11
